% Time on Ice - SAN FRANCISCO SPIDERS
Lines # - Real PCT - Wanted PCT - Time Play
Normal Forward
1 - 27% - 30% - 12:34
2 - 26% - 30% - 12:29
3 - 23% - 20% - 10:51
4 - 24% - 20% - 11:25
Normal Defense
1 - 33% - 34% - 15:45
2 - 32% - 33% - 15:10
3 - 33% - 32% - 15:31
4 - 2% - 1% - 0:53
PP Forward
1 - 45% - 55% - 0:54
2 - 55% - 45% - 1:05
PP Defense
1 - 45% - 55% - 0:54
2 - 55% - 45% - 1:05
PK Forward
1 - 55% - 55% - 5:52
2 - 45% - 45% - 4:50
PK Defense
1 - 45% - 55% - 4:49
2 - 55% - 45% - 5:53
PK3 Forward
1 - 0% - 55%
2 - 0% - 45%
PK3 Defense
1 - 0% - 55%
2 - 0% - 45%
44 Forward
1 - 0% - 55%
2 - 0% - 45%
44 Defense
1 - 0% - 55%
2 - 0% - 45%
Last Minute Offensive  - 0:00
Last Minute Defensive  - 0:00
Total
Forward - 60:00
Defense - 60:00
% Time on Ice - SEATTLE GRUNGE
Lines # - Real PCT - Wanted PCT - Time Play
Normal Forward
1 - 35% - 40% - 16:40
2 - 37% - 38% - 17:41
3 - 21% - 20% - 10:05
4 - 6% - 2% - 2:53
Normal Defense
1 - 35% - 40% - 16:38
2 - 37% - 40% - 17:19
3 - 27% - 20% - 12:50
4 - 1% - 0% - 0:32
PP Forward
1 - 55% - 50% - 5:56
2 - 45% - 50% - 4:46
PP Defense
1 - 57% - 55% - 6:06
2 - 43% - 45% - 4:36
PK Forward
1 - 77% - 55% - 1:32
2 - 23% - 45% - 0:27
PK Defense
1 - 39% - 55% - 0:47
2 - 61% - 45% - 1:12
PK3 Forward
1 - 0% - 55%
2 - 0% - 45%
PK3 Defense
1 - 0% - 55%
2 - 0% - 45%
44 Forward
1 - 0% - 55%
2 - 0% - 45%
44 Defense
1 - 0% - 55%
2 - 0% - 45%
Last Minute Offensive  - 0:00
Last Minute Defensive  - 0:00
Total
Forward - 60:00
Defense - 60:00
Play-by-Play 1st period 0:01 of 1st period - Tyler Seguin wins face-off versus Brian Pinho in neutral zone. 0:04 of 1st period - Shot by Roman Josi. 0:04 of 1st period - Stopped by Collin Delia without a rebound. 0:05 of 1st period - Eric Staal wins face-off versus Kirby Dach in SAN FRANCISCO SPIDERS zone. 0:10 of 1st period - Shot by Josh Bailey. 0:10 of 1st period - Stopped by Collin Delia without a rebound. 0:11 of 1st period - Calle Jarnkrok wins face-off versus Chris Tierney in SAN FRANCISCO SPIDERS zone. 0:37 of 1st period - Shot by Carl Hagelin. 0:37 of 1st period - Stopped by Collin Delia with a rebound. 0:40 of 1st period - Icing by Nate Schmidt. 0:41 of 1st period - Tyler Seguin wins face-off versus Calle Jarnkrok in SAN FRANCISCO SPIDERS zone. 1:00 of 1st period - Shot by Danton Heinen. 1:00 of 1st period - Stopped by Jimmy Howard without a rebound. 1:01 of 1st period - Eric Staal wins face-off versus Brian Pinho in SEATTLE GRUNGE zone. 2:06 of 1st period - Eric Staal is hit by Mark Alt and loses puck. 3:53 of 1st period - Shot by Alexander Kerfoot. 3:53 of 1st period - Stopped by Jimmy Howard with a rebound. 3:55 of 1st period - Shot by Darnell Nurse. 3:55 of 1st period - Stopped by Jimmy Howard with a rebound. 4:55 of 1st period - Shot by Jake Guentzel. 4:55 of 1st period - Shot Misses the Net. 4:57 of 1st period - Shot by Jake Guentzel. 4:57 of 1st period - Stopped by Collin Delia without a rebound. 4:58 of 1st period - Eric Staal wins face-off versus Brian Pinho in SAN FRANCISCO SPIDERS zone. 5:15 of 1st period - Shot by Eric Staal. 5:15 of 1st period - Stopped by Collin Delia with a rebound. 5:17 of 1st period - Shot by Vladislav Namestnikov. 5:17 of 1st period - Goal by Vladislav Namestnikov - SAN FRANCISCO SPIDERS : 0 - SEATTLE GRUNGE : 1. 5:18 of 1st period - Erik Haula wins face-off versus Tyler Seguin in neutral zone. 5:29 of 1st period - Shot by Jake Guentzel. 5:29 of 1st period - Stopped by Collin Delia with a rebound. 5:46 of 1st period - Off-side. 5:47 of 1st period - Nico Sturm wins face-off versus Eric Staal in neutral zone. 5:52 of 1st period - Shot by Kirby Dach. 5:52 of 1st period - Deflect By Eric Robinson. 5:52 of 1st period - Shot Blocked by Vladislav Namestnikov. 6:28 of 1st period - Shot by Eric Staal. 6:28 of 1st period - Stopped by Collin Delia without a rebound. 6:29 of 1st period - Tyler Seguin wins face-off versus Brian Pinho in SAN FRANCISCO SPIDERS zone. 6:30 of 1st period - Shot by Jake Guentzel. 6:30 of 1st period - Shot Misses the Net. 6:49 of 1st period - Icing by Nate Schmidt. 6:50 of 1st period - Brian Boyle wins face-off versus Brian Pinho in SAN FRANCISCO SPIDERS zone. 7:19 of 1st period - Shot by Brian Boyle. 7:19 of 1st period - Deflect By Trevor Lewis. 7:19 of 1st period - Stopped by Collin Delia without a rebound. 7:20 of 1st period - Erik Haula wins face-off versus Tyler Seguin in SAN FRANCISCO SPIDERS zone. 7:31 of 1st period - Shot by Alexander Kerfoot. 7:31 of 1st period - Deflect By Alex Chiasson. 7:31 of 1st period - Stopped by Jimmy Howard without a rebound. 7:32 of 1st period - Eric Staal wins face-off versus Kirby Dach in SEATTLE GRUNGE zone. 7:41 of 1st period - Shot by Josh Bailey. 7:41 of 1st period - Deflect By Eric Staal. 7:41 of 1st period - Stopped by Collin Delia without a rebound. 7:42 of 1st period - Erik Haula wins face-off versus Tyler Seguin in SAN FRANCISCO SPIDERS zone. 8:09 of 1st period - Shot by Alexander Kerfoot. 8:09 of 1st period - Shot Blocked by Roman Josi. 8:18 of 1st period - Icing by Tyler Seguin. 8:19 of 1st period - Mike Hoffman wins face-off versus Kirby Dach in SEATTLE GRUNGE zone. 8:19 of 1st period - Mike Hoffman is hit by Kirby Dach. 8:29 of 1st period - Shot by Jake Guentzel. 8:29 of 1st period - Stopped by Collin Delia without a rebound. 8:30 of 1st period - Eric Staal wins face-off versus Calle Jarnkrok in SAN FRANCISCO SPIDERS zone. 9:14 of 1st period - Shot by Vladislav Namestnikov. 9:14 of 1st period - Shot Misses the Net. 9:43 of 1st period - Icing by Jordan Oesterle. 9:44 of 1st period - Chris Tierney wins face-off versus Kirby Dach in SAN FRANCISCO SPIDERS zone. 10:21 of 1st period - Shot by Chris Tierney. 10:21 of 1st period - Stopped by Collin Delia without a rebound. 10:22 of 1st period - Brian Pinho wins face-off versus Mike Hoffman in SAN FRANCISCO SPIDERS zone. 10:22 of 1st period - Brian Pinho is hit by Jake Guentzel. 10:32 of 1st period - Shot by Andrei Svechnikov. 10:32 of 1st period - Shot Blocked by Jake Guentzel. 10:34 of 1st period - Shot by Andrei Svechnikov. 10:34 of 1st period - Stopped by Jimmy Howard with a rebound. 11:49 of 1st period - Icing by Travis Sanheim. 11:50 of 1st period - Eric Staal wins face-off versus Calle Jarnkrok in SEATTLE GRUNGE zone. 12:18 of 1st period - Shot by Vladislav Namestnikov. 12:18 of 1st period - Shot Blocked by Mark Alt. 12:20 of 1st period - Shot by Damon Severson. 12:20 of 1st period - Stopped by Collin Delia without a rebound. 12:21 of 1st period - Kirby Dach wins face-off versus Brian Boyle in SAN FRANCISCO SPIDERS zone. 12:21 of 1st period - Darnell Nurse is hit by Carter Rowney and loses puck. 12:51 of 1st period - Darnell Nurse is hit by Matthew Grzelcyk and loses puck. 13:33 of 1st period - Sean Walker is hit by Slater Koekkoek and loses puck. 13:47 of 1st period - Trevor Lewis is hit by Tyler Myers and loses puck. 13:48 of 1st period - Minor Penalty to Tyler Myers for Roughing. 13:49 of 1st period - Tyler Seguin wins face-off versus Nico Sturm in SAN FRANCISCO SPIDERS zone. 14:18 of 1st period - Shot by Mike Hoffman. 14:18 of 1st period - Goal by Mike Hoffman - SAN FRANCISCO SPIDERS : 0 - SEATTLE GRUNGE : 2. 14:19 of 1st period - Erik Haula wins face-off versus Eric Staal in neutral zone. 14:38 of 1st period - Shot by Nate Schmidt. 14:38 of 1st period - Stopped by Jimmy Howard without a rebound. 14:39 of 1st period - Tyler Seguin wins face-off versus Calle Jarnkrok in SEATTLE GRUNGE zone. 14:39 of 1st period - Tyler Seguin is hit by Danton Heinen. 15:17 of 1st period - Shot by Danton Heinen. 15:17 of 1st period - Stopped by Jimmy Howard without a rebound. 15:18 of 1st period - Eric Staal wins face-off versus Erik Haula in SEATTLE GRUNGE zone. 15:47 of 1st period - Shot by Alexander Kerfoot. 15:47 of 1st period - Shot Misses the Net. 16:13 of 1st period - Icing by Darnell Nurse. 16:14 of 1st period - Tyler Seguin wins face-off versus Erik Haula in SAN FRANCISCO SPIDERS zone. 16:22 of 1st period - David Savard is hit by Darnell Nurse and loses puck. 16:26 of 1st period - Jake Guentzel is hit by Nate Schmidt and loses puck. 16:42 of 1st period - Tyler Seguin is hit by Darnell Nurse and loses puck. 17:36 of 1st period - Shot by Wayne Simmonds. 17:36 of 1st period - Stopped by Collin Delia without a rebound. 17:37 of 1st period - Eric Staal wins face-off versus Brian Pinho in SAN FRANCISCO SPIDERS zone. 17:43 of 1st period - Minor Penalty to Milan Lucic for Interference. 17:44 of 1st period - Nico Sturm wins face-off versus Eric Staal in SAN FRANCISCO SPIDERS zone. 17:44 of 1st period - Nico Sturm is hit by Vladislav Namestnikov. 17:54 of 1st period - Shot by Andrei Svechnikov. 17:54 of 1st period - Shot Blocked by Matthew Grzelcyk. 19:28 of 1st period - Shot by Tyler Seguin. 19:28 of 1st period - Stopped by Collin Delia without a rebound. 19:29 of 1st period - Tyler Seguin wins face-off versus Nico Sturm in SAN FRANCISCO SPIDERS zone. 19:30 of 1st period - Shot by Roman Josi. 19:30 of 1st period - Shot Blocked by Darnell Nurse. 19:48 of 1st period - Dominik Kahun is hit by Slater Koekkoek and loses puck. 19:56 of 1st period - Chris Tierney is hit by Mark Alt and loses puck. Goals for this period are 0 for SAN FRANCISCO SPIDERS vs 2 for SEATTLE GRUNGE. Shots for this period are 7 for SAN FRANCISCO SPIDERS vs 16 for SEATTLE GRUNGE. 2nd period 0:01 of 2nd period - Eric Staal wins face-off versus Milan Lucic in neutral zone. 0:08 of 2nd period - Andrei Svechnikov is hit by Vladislav Namestnikov and loses puck. 0:18 of 2nd period - Icing by Vladislav Namestnikov. 0:19 of 2nd period - Kirby Dach wins face-off versus Vladislav Namestnikov in SEATTLE GRUNGE zone. 1:23 of 2nd period - Shot by Andrei Svechnikov. 1:23 of 2nd period - Shot Misses the Net. 1:35 of 2nd period - Shot by Milan Lucic. 1:35 of 2nd period - Stopped by Jimmy Howard without a rebound. 1:36 of 2nd period - Carl Hagelin wins face-off versus Calle Jarnkrok in SEATTLE GRUNGE zone. 1:36 of 2nd period - Carl Hagelin is hit by Danton Heinen. 1:46 of 2nd period - Shot by Calle Jarnkrok. 1:46 of 2nd period - Shot Misses the Net. 2:39 of 2nd period - Shot by Jake Guentzel. 2:39 of 2nd period - Stopped by Collin Delia without a rebound. 2:40 of 2nd period - Tyler Seguin wins face-off versus Brian Pinho in SAN FRANCISCO SPIDERS zone. 3:08 of 2nd period - Off-side. 3:09 of 2nd period - Eric Staal wins face-off versus Kirby Dach in neutral zone. 3:18 of 2nd period - Shot by Nico Sturm. 3:18 of 2nd period - Stopped by Jimmy Howard without a rebound. 3:19 of 2nd period - Eric Staal wins face-off versus Erik Haula in SEATTLE GRUNGE zone. 3:19 of 2nd period - Eric Staal is hit by Alexander Kerfoot. 3:27 of 2nd period - Shot by Eric Staal. 3:27 of 2nd period - Shot Misses the Net. 3:46 of 2nd period - Off-side. 3:47 of 2nd period - Kirby Dach wins face-off versus Tyler Seguin in neutral zone. 4:01 of 2nd period - Travis Sanheim is hit by Eric Robinson and loses puck. 4:09 of 2nd period - Off-side. 4:10 of 2nd period - Eric Staal wins face-off versus Brian Pinho in neutral zone. 4:31 of 2nd period - Shot by Josh Bailey. 4:31 of 2nd period - Goal by Josh Bailey - SAN FRANCISCO SPIDERS : 0 - SEATTLE GRUNGE : 3. 4:32 of 2nd period - Tyler Seguin wins face-off versus Kirby Dach in neutral zone. 4:32 of 2nd period - Tyler Seguin is hit by Nico Sturm. 4:39 of 2nd period - Mike Hoffman is hit by Sean Walker and loses puck. 4:43 of 2nd period - Minor Penalty to Tyler Myers for Tripping. 4:44 of 2nd period - Nico Sturm wins face-off versus Eric Staal in SAN FRANCISCO SPIDERS zone. 4:59 of 2nd period - Shot by Vladislav Namestnikov. 4:59 of 2nd period - Stopped by Collin Delia without a rebound. 5:00 of 2nd period - Tyler Seguin wins face-off versus Nico Sturm in SAN FRANCISCO SPIDERS zone. 5:01 of 2nd period - Shot by Jake Guentzel. 5:01 of 2nd period - Stopped by Collin Delia without a rebound. 5:02 of 2nd period - Eric Staal wins face-off versus Nico Sturm in SAN FRANCISCO SPIDERS zone. 5:02 of 2nd period - Josh Bailey is hit by Sean Walker and loses puck. 5:21 of 2nd period - Shot by Roman Josi. 5:21 of 2nd period - Stopped by Collin Delia without a rebound. 5:22 of 2nd period - Tyler Seguin wins face-off versus Nico Sturm in SAN FRANCISCO SPIDERS zone. 5:29 of 2nd period - Shot by Tyler Seguin. 5:29 of 2nd period - Shot Misses the Net. 5:31 of 2nd period - Shot by Travis Sanheim. 5:31 of 2nd period - Deflect By Jake Guentzel. 5:31 of 2nd period - Stopped by Collin Delia with a rebound. 5:33 of 2nd period - Shot by Travis Sanheim. 5:33 of 2nd period - Shot Misses the Net. 5:45 of 2nd period - Shot by Mike Hoffman. 5:45 of 2nd period - Stopped by Collin Delia without a rebound. 5:46 of 2nd period - Eric Staal wins face-off versus Erik Haula in SAN FRANCISCO SPIDERS zone. 6:03 of 2nd period - Shot by Eric Staal. 6:03 of 2nd period - Shot Misses the Net. 6:07 of 2nd period - Shot by Roman Josi. 6:07 of 2nd period - Stopped by Collin Delia without a rebound. 6:08 of 2nd period - Jake Guentzel wins face-off versus Nico Sturm in SAN FRANCISCO SPIDERS zone. 6:11 of 2nd period - Shot by Tyler Seguin. 6:11 of 2nd period - Stopped by Collin Delia with a rebound. 7:00 of 2nd period - Shot by Dominik Kahun. 7:00 of 2nd period - Shot Misses the Net. 7:02 of 2nd period - Shot by Calle Jarnkrok. 7:02 of 2nd period - Stopped by Jimmy Howard with a rebound. 7:04 of 2nd period - Shot by Calle Jarnkrok. 7:04 of 2nd period - Stopped by Jimmy Howard without a rebound. 7:05 of 2nd period - Erik Haula wins face-off versus Chris Tierney in SEATTLE GRUNGE zone. 7:06 of 2nd period - Shot by Alexander Kerfoot. 7:06 of 2nd period - Shot Misses the Net. 7:12 of 2nd period - Tyler Myers is hit by Wayne Simmonds and loses puck. 7:36 of 2nd period - Icing by Tyler Myers. 7:37 of 2nd period - Tyler Seguin wins face-off versus Erik Haula in SAN FRANCISCO SPIDERS zone. 8:19 of 2nd period - Shot by Mike Hoffman. 8:19 of 2nd period - Shot Misses the Net. 8:21 of 2nd period - Shot by Jake Guentzel. 8:21 of 2nd period - Stopped by Collin Delia with a rebound. 8:39 of 2nd period - Shot by Josh Bailey. 8:39 of 2nd period - Shot Misses the Net. 8:47 of 2nd period - Shot by Josh Bailey. 8:47 of 2nd period - Stopped by Collin Delia with a rebound. 9:15 of 2nd period - Off-side. 9:16 of 2nd period - Chris Tierney wins face-off versus Milan Lucic in neutral zone. 9:19 of 2nd period - Milan Lucic is hit by Carl Hagelin and loses puck. 10:24 of 2nd period - Shot by Mike Hoffman. 10:24 of 2nd period - Shot Misses the Net. 10:26 of 2nd period - Shot by Jake Guentzel. 10:26 of 2nd period - Deflect By Mike Hoffman. 10:26 of 2nd pe